Map: 승천의 사슬

Players

펜타네스트

  • Race: Zerg Zerg

펜타네스트

  • Race: Terran Terran
  • Spawn Location: 11:00

VOD

Have the link to the VOD?

Description

Time

  • Played on: March 4, 2018, 7:47 a.m.
  • Length: 15:37
Show
View Real Time Build Order
Export as new Build Order

펜타네스트 Zerg 

Build Orders:  

Get SALT Encoding   

  18  0:03  Primal Drone  
  19  0:13  Primal Drone  
  19  0:18  Primal Drone  
  21  0:25  Primal Drone  
  22  0:33  Primal Drone  
  22  0:39  Extractor  
  23  1:02  Primal Warden  
  23  1:07  Extractor  
  24  1:12  Primal Drone  
  24  1:18  Primal Drone  
  26  1:27  Primal Drone  
  27  1:49  Primal Drone  
  28  1:57  Primal Drone  
  29  2:03  Glevig's Den  
  28  2:11  Primal Drone  
  29  2:25  Primal Warden  
  29  2:36  Primal Drone  
  30  2:55  Primal Hive  
  35  3:04  Primal Drone x2  
  37  3:13  Primal Drone  
  38  3:32  Primal Drone  
  38  3:35  Murvar's Den  
  38  3:49  Primal Drone  
  39  4:07  Primal Drone  
  40  4:25  Primal Drone  
  41  4:36  Extractor x2  
  41  4:37  Primal Drone x3  
  41  4:38  Primal Drone  
  45  4:59  Primal Drone x2  
  47  5:08  Primal Drone x2  
  49  5:27  Primal Drone x2  
  51  5:41  Primal Drone x2  
  51  5:47  Primal Attacks Level 1  
  53  5:56  Dakrun's Den  
  52  6:01  Primal Drone x2  
  52  6:09  Primal Drone  
  55  6:33  Primal Drone  
  55  6:34  Primal Reconstitution, Primal Drone x2  
  60  6:41  Primal Warden  
  60  6:44  Primal Warden  
  60  6:48  Primal Drone x2  
  62  7:00  Primal Drone x2  
  64  7:18  Primal Drone x2  
  66  7:30  Primal Hydralisk x2  
  66  7:31  Primal Hydralisk x3  
  66  7:34  Primal Drone x2  
  78  7:54  Primal Hydralisk x3  
  84  8:03  Primal Mutalisk x2  
  84  8:04  Slicing Glave  
  82  8:16  Primal Hydralisk  
  82  8:17  Primal Hydralisk x4  
  92  8:24  Primal Mutalisk  
  92  8:26  Primal Mutalisk  
  90  8:36  Primal Hydralisk x4  
  98  8:44  Primal Attacks Level 2  
  98  8:46  Primal Mutalisk  
  98  8:47  Primal Mutalisk  
  96  8:58  Primal Hydralisk x3  
  102  9:04  Shifting Carapace  
  102  9:25  Primal Hydralisk  
  102  9:44  Primal Hydralisk x4  
  102  9:45  Primal Mutalisk  
  102  9:46  Primal Mutalisk x2  
  107  10:03  Primal Hydralisk  
  107  10:04  Primal Hydralisk x4  
  107  10:09  Primal Wurm  
  119  10:10  Primal Wurm  
  119  10:13  Primal Mutalisk  
  119  10:14  Primal Mutalisk  
  119  10:16  Primal Mutalisk  
  116  10:25  Primal Hydralisk  
  116  10:26  Primal Hydralisk x2  
  122  10:39  Primal Mutalisk  
  121  10:40  Primal Hydralisk x2, Primal Mutalisk  
  121  10:41  Primal Hydralisk x2  
  128  10:53  Primal Mutalisk  
  128  10:55  Primal Hydralisk x2  
  129  11:07  Primal Hydralisk  
  129  11:08  Primal Hydralisk  
  127  11:13  Primal Hydralisk  
  126  11:24  Primal Mutalisk  
  126  11:25  Primal Mutalisk  
  126  11:26  Primal Mutalisk  
  126  11:29  Primal Drone x2  
  125  11:30  Primal Drone x8  
  121  11:43  Primal Hydralisk  
  121  11:44  Primal Hydralisk  
  121  11:47  Primal Drone x2  
  124  11:52  Primal Mutalisk  
  123  12:16  Primal Drone x2  
  127  12:40  Primal Wurm x2  
  127  13:01  Primal Mutalisk  
  126  13:24  Primal Hydralisk  
  126  13:25  Primal Hydralisk x5  
  136  13:45  Primal Hydralisk  
  136  13:46  Primal Hydralisk x4  
  146  13:54  Primal Mutalisk x2  
  146  13:55  Primal Mutalisk  
  143  14:38  Primal Hydralisk  
  143  14:39  Primal Hydralisk  
  147  15:13  Primal Hydralisk x3  
  153  15:20  Primal Mutalisk x3  
Show
View Real Time Build Order
Export as new Build Order

펜타네스트 Terran 

Build Orders:  

Get SALT Encoding   

  12  0:07  SCV  
Tags
 
Add a new tag
Caveats
  • Supply blocks, unpowered buildings, or Contaminate may cause inaccurate times.
  • Supply counts are checked every 10 seconds.